 Dungeon Crawl Stone Soup version 0.20.1-1-g8b1a95d (webtiles) character file.

39825 tidbits the Covert (level 14, -4/90 HPs)
             Began as a Halfling Wanderer on July 6, 2017.
             Was a High Priest of Uskayaw.
             Slain by a stone giant (34 damage)
             ... on level 1 of the Orcish Mines.
             The game lasted 01:32:34 (10605 turns).

tidbits the Covert (Halfling Wanderer)             Turns: 10605, Time: 01:32:34

Health: -4/90      AC: 22    Str: 15    XL:     14   Next: 41%
Magic:  21/21      EV: 21    Int: 10    God:    Uskayaw [*****.]
Gold:   1133       SH:  2    Dex: 17    Spells: 13/17 levels left

rFire    . . .     SeeInvis +   a - +4 Vampire's Tooth {vamp}
rCold    . . .     Gourm    .   (shield restricted)
rNeg     . . .     Faith    .   B - +2 steam dragon scales
rPois    .         Spirit   .   E - +2 helmet {SInv}
rElec    .         Reflect  +   C - +0 cloak
rCorr    .         Harm     .   G - +0 pair of gloves
MR       +....                  F - +0 pair of boots
Stlth    ++++++....             P - +2 amulet of reflection
Regen    0.3/turn               V - +1 ring of protection
MPRegen  0.2/turn               U - +4 ring of protection

@: no status effects
A: mutation resistance 1
a: Stomp, Line Pass, Grand Finale, Renounce Religion


You were on level 1 of the Orcish Mines.
You worshipped Uskayaw.
Uskayaw was aware of your devotion.
You were not hungry.

You visited 4 branches of the dungeon, and saw 21 of its levels.

You collected 1133 gold pieces.

Inventory:

Hand Weapons
 a - the +4 Vampire's Tooth (weapon) {vamp}
   (You found it on level 5 of the Dungeon)

   It inflicts no extra harm, but heals its wielder when it wounds a living foe.
 l - a +0 antimagic dagger
   (You took it off a goblin on level 2 of the Dungeon)
Missiles
 q - 154 sling bullets
 s - 16 tomahawks (quivered)
Armour
 o - a +0 leather armour of cold resistance
   (You took it off an orc priest on level 11 of the Dungeon)
 B - +2 steam dragon scales (worn)
 C - a +0 cloak (worn)
 E - a +2 helmet of see invisible (worn)
   (You found it on level 11 of the Dungeon)
 F - a +0 pair of boots (worn)
 G - a +0 pair of gloves (worn)
 S - a +0 leather armour of fire resistance
   (You took it off Joseph on level 7 of the Dungeon)
Jewellery
 v - an uncursed ring of fire
   (You found it on level 11 of the Dungeon)
 A - an uncursed ring of flight
   (You found it on level 6 of the Dungeon)
 P - a +2 amulet of reflection (around neck)
   (You found it on level 8 of the Dungeon)
 U - a +4 ring of protection (right hand)
   (You found it on level 5 of the Dungeon)
 V - a +1 ring of protection (left hand)
   (You found it on level 9 of the Dungeon)
Wands
 e - a wand of enslavement (8/24)
 n - a wand of random effects (4/48)
 y - a wand of iceblast (5/15)
 R - a wand of disintegration (13/24)
 W - a wand of lightning (0/15)
 X - a wand of acid (9/15)
Scrolls
 c - a scroll of amnesia {unknown}
 d - a scroll of blinking
 j - 2 scrolls of noise {unknown}
 r - 2 scrolls of remove curse
 t - 5 scrolls of teleportation
 H - a scroll of enchant weapon
 J - 3 scrolls of vulnerability {unknown}
 L - a scroll of fear {unknown}
 T - 3 scrolls of silence {unknown}
 Y - 2 scrolls of magic mapping
Potions
 g - a potion of agility
 m - 3 potions of curing
 p - 2 potions of heal wounds
 u - a potion of flight {unknown}
 x - 3 potions of might
 z - 3 potions of magic
 M - 4 potions of haste
 N - 2 potions of mutation {!q}
 Q - a potion of ambrosia {unknown}
 Z - a potion of berserk rage {unknown}
Comestibles
 b - a meat ration
 f - 14 bread rations
 h - 4 chunks of flesh
 O - 6 royal jellies


   Skills:
 - Level 6.1 Fighting
 - Level 10.3(10.5) Short Blades
   Level 2.0(5.8) Long Blades
   Level 4.3 Bows
 - Level 1.0 Throwing
 - Level 10.1 Armour
 - Level 8.3 Dodging
 + Level 13.3 Stealth
 - Level 2.1 Spellcasting
 - Level 5.1 Charms
 - Level 5.3 Translocations
 - Level 5.0 Air Magic
 - Level 10.0 Invocations
 - Level 4.4 Evocations


You had 13 spell levels left.
You knew the following spells:

 Your Spells              Type           Power        Failure   Level  Hunger
g - Shroud of Golubria    Chrm/Tloc      ##........   5%          2    ###....
W - Swiftness             Chrm/Air       ##......     6%          2    ###....


Dungeon Overview and Level Annotations

Branches:
Dungeon (14/15)            Temple (1/1) D:5            Lair (5/6) D:11
 Spider (0/4) Lair:4          Orc (1/2) D:11
  Swamp: Lair:2-4    Shoals: Lair:2-4     Slime: Lair:5-6    Vaults: D:13-14

Altars:
Cheibriados
Dithmenos
Elyvilon
Fedhas
Hepliaklqana
Makhleb
Nemelex Xobeh
Okawaru
Qazlal
Ru
Sif Muna
Trog
Uskayaw
Xom
Yredelemnul
Zin
The Shining One

Shops:
D:4 ?!

Annotations:
D:3 Pikel
D:4 Ang168's ghost, amateur MiBe
D:7 2 transporters
Lair:2 swamp, exclusion: 2 elephants


Innate Abilities, Weirdness & Mutations

You are small and have problems with some larger weapons.
You are somewhat resistant to further mutation.


Message History

You hit the stone giant.
You feel better.
The stone giant is lightly wounded.
The orc priest is no longer paralysed.
The orc hits you but does no damage.
You hit the stone giant.
You feel better.
The stone giant is lightly wounded.
The stone giant closely misses you.
You completely miss the orc.
The orc is moderately wounded.
The orc barely misses you.
You puncture the orc!
You kill the orc!
You block the stone giant's attack.
You hit the stone giant but do no damage.
The stone giant is lightly wounded.
You hit the stone giant but do no damage.
The stone giant is lightly wounded.
The stone giant hits you!!
* * * LOW HITPOINT WARNING * * *
You are too injured to fight recklessly!
You are too injured to fight recklessly!
You hit the stone giant but do no damage.
The stone giant is lightly wounded.
You hit the stone giant but do no damage.
The stone giant is lightly wounded.
The stone giant hits you but does no damage.
You hit the orc priest.
The orc priest is almost dead.
You hit the orc priest.
You kill the orc priest!
The stone giant hits you but does no damage.
You hit the stone giant but do no damage.
The stone giant is lightly wounded.
You hit the stone giant but do no damage.
The stone giant is lightly wounded.
The stone giant barely misses you.
You hit the stone giant but do no damage.
The stone giant is lightly wounded.
The stone giant is no longer sharing its pain.
You hit the stone giant but do no damage.
The stone giant is lightly wounded.
The stone giant barely misses you.
Some of the chunks of flesh in your inventory have rotted away.
You hit the stone giant.
You feel better.
The stone giant is moderately wounded.
You hit the stone giant.
You feel better.
The stone giant is moderately wounded.
The stone giant closely misses you.
You hit the stone giant.
The stone giant is moderately wounded.
You can now merge with and destroy a victim.
You hit the stone giant.
The stone giant is moderately wounded.
The stone giant barely misses you.
You hit the stone giant.
The stone giant is heavily wounded.
You hit the stone giant but do no damage.
The stone giant is heavily wounded.
The stone giant misses you.
You hit the stone giant but do no damage.
The stone giant is moderately wounded.
You hit the stone giant but do no damage.
The stone giant is moderately wounded.
The stone giant hits you!!
* * * LOW HITPOINT WARNING * * *
You hit the stone giant.
You feel better.
The stone giant is heavily wounded.
You hit the stone giant.
You feel better.
The stone giant is heavily wounded.
The stone giant hits you!
* * * LOW HITPOINT WARNING * * *
You hit the stone giant.
You feel better.
The stone giant is heavily wounded.
You hit the stone giant but do no damage.
The stone giant is heavily wounded.
The stone giant closely misses you.
You hit the stone giant but do no damage.
The stone giant is heavily wounded.
You hit the stone giant.
You feel better.
The stone giant is heavily wounded.
The stone giant hits you.
* * * LOW HITPOINT WARNING * * *
Aiming: Grand Finale
Press: ? - help, Shift-Dir - straight line, f - stone giant
Aim: a stone giant (heavily wounded)
You fail to use your ability.
The stone giant hits you!!
* * * LOW HITPOINT WARNING * * *
Unknown command.
You hit the stone giant.
You feel better.
The stone giant is heavily wounded.
You feel much better. The stone giant barely misses you.
You hit the stone giant.
You feel better.
The stone giant is heavily wounded.
The stone giant hits you!
* * * LOW HITPOINT WARNING * * *
You hit the stone giant but do no damage.
The stone giant is heavily wounded.
You hit the stone giant but do no damage.
The stone giant is heavily wounded.
The stone giant hits you!!
You die...

...........####..#
#<..
......##....###.##
##.. ##....
#.....##.# ##.
#..... ##......#
## ##.....
##...####
.......##....#
o............#
..##..C...###
#...[@).#.##
#...$#.....#
#....###.$##
#....## ...#
#.#... ..## ###...
.. ###. .. .$


You could see a stone giant.

Vanquished Creatures
  Gastronok (Lair:1)
  2 rakshasas (D:14)
  5 hydras
  7 centaur warriors
  The ghost of Overlord the Basher, a journeyman DsBe of Trog (D:12)
  Erica (D:9)
  2 two-headed ogres
  2 unseen horrors
  A flayed ghost (D:14)
  A wolf spider zombie (D:14)
  A wolf spider (D:14)
  3 ugly things
  A cyclops (D:14)
  2 manticores
  3 slime creatures
  2 black mambas
  4 elephants (Lair:2)
  Maurice (D:13)
  Joseph (D:7)
  A centaur skeleton (D:12)
  2 gargoyles
  4 spiny frogs
  A rime drake (Lair:4)
  2 komodo dragons (Lair:4)
  3 trolls
  2 jumping spiders (Lair:4)
  Prince Ribbit (D:9)
  2 redbacks (Lair:4)
  8 hippogriffs
  A shadow (D:11)
  A spriggan (D:11)
  20 yaks
  3 basilisks
  A steam dragon (D:7)
  2 water moccasins
  6 porcupines
  A soldier ant (D:11)
  A black bear (Lair:1)
  7 orc warriors
  A necrophage (D:9)
  3 ice beasts
  4 sky beasts
  A swamp drake (D:11)
  An eye of draining (D:13)
  8 ogres
  15 centaurs
  9 crocodiles
  3 elf zombies (D:6)
  12 bullfrogs
  An elf skeleton (D:6)
  A scorpion (D:6)
  3 killer bees (D:7)
  9 wights
  2 howler monkeys
  2 vampire bats (D:5)
  An electric eel (Lair:3)
  2 centaur zombies
  6 crimson imps
  A quasit (D:8)
  2 bullfrog zombies
  A human zombie (D:6)
  7 orc priests
  5 jellies
  19 orc wizards
  5 hounds
  3 human skeletons (D:6)
  Terence (D:7)
  Jessica (D:2)
  A bullfrog skeleton (D:13)
  An iguana (D:14)
  Ijyb (D:3)
  10 worker ants
  4 hell rats (Lair:4)
  A hound zombie (D:6)
  A howler monkey skeleton (D:6)
  8 adders
  A shadow imp (D:9)
  2 oozes
  3 worms
  2 leopard geckos
  58 orcs
  2 giant cockroaches
  7 goblins
  3 hobgoblins
  3 jackals (D:11)
  4 quokkas
  13 bats
  5 frilled lizards
  3 kobolds
  A leopard gecko zombie (D:5)
  2 orc skeletons (D:6)
  An orc zombie (D:6)
  4 rats
380 creatures vanquished.

Vanquished Creatures (others)
  An orc (D:11)
  A plant (Lair:2)
2 creatures vanquished.

Grand Total: 382 creatures vanquished

Notes
Turn   | Place    | Note
-------+----------+-------------------------------------------
     0 | D:1      | tidbits the Halfling Wanderer began the quest for the Orb.
     0 | D:1      | tidbits set off with: a +2 falchion, a +0 shortbow, 23 arrows, a +0 ring mail, a bread ration
     0 | D:1      | Reached XP level 1. HP: 11/11 MP: 1/1
   196 | D:1      | Reached XP level 2. HP: 18/18 MP: 2/2
   248 | D:2      | Reached skill level 2 in Stealth
   337 | D:2      | Reached skill level 1 in Fighting
   361 | D:2      | Noticed Jessica
   363 | D:2      | Killed Jessica
   363 | D:2      | Reached XP level 3. HP: 24/24 MP: 3/3
   368 | D:2      | Reached skill level 3 in Stealth
   414 | D:2      | Reached XP level 4. HP: 29/29 MP: 4/4
   459 | D:2      | Reached skill level 2 in Fighting
   649 | D:2      | Noticed Terence
   873 | D:4      | Noticed a slave
   874 | D:4      | Noticed Pikel
   876 | D:4      | Noticed a slave
   879 | D:4      | Noticed a slave
   881 | D:4      | Noticed a slave
   884 | D:4      | Reached XP level 5. HP: 28/35 MP: 5/5
  1002 | D:4      | Found Jafeunia's Distillery.
  1156 | D:3      | Noticed Ijyb
  1169 | D:3      | Killed Ijyb
  1169 | D:3      | Reached skill level 4 in Stealth
  1289 | D:4      | Reached skill level 3 in Fighting
  1303 | D:5      | Entered Level 5 of the Dungeon
  1357 | D:5      | Reached skill level 2 in Armour
  1357 | D:5      | Reached XP level 6. HP: 30/42 MP: 6/6
  1445 | D:5      | Reached skill level 1 in Dodging
  1502 | D:5      | Reached skill level 3 in Armour
  1505 | D:5      | Noticed a sky beast
  1576 | D:4      | Found Givvuyss's Magic Scroll Shop.
  1576 | D:4      | Noticed Ang168's ghost (amateur MiBe)
  1576 | D:4      | Noticed an ogre
  1666 | D:4      | Killed a sky beast
  1666 | D:4      | Reached skill level 2 in Dodging
  1666 | D:4      | Reached XP level 7. HP: 18/46 MP: 7/7
  1681 | D:4      | Reached skill level 3 in Dodging
  1776 | D:5      | Reached skill level 4 in Dodging
  2009 | D:4      | Reached skill level 2 in Short Blades
  2075 | D:5      | Found a staircase to the Ecumenical Temple.
  2082 | Temple   | Entered the Ecumenical Temple
  2112 | Temple   | Became a worshipper of Uskayaw the Reveler
  2136 | D:6      | Reached * piety under Uskayaw
  2140 | D:6      | Reached ** piety under Uskayaw
  2141 | D:6      | Reached skill level 3 in Short Blades
  2141 | D:6      | Reached XP level 8. HP: 39/52 MP: 8/8
  2159 | D:6      | Reached *** piety under Uskayaw
  2160 | D:6      | Reached skill level 4 in Short Blades
  2318 | D:6      | Reached **** piety under Uskayaw
  2326 | D:6      | Reached skill level 5 in Short Blades
  2599 | D:6      | Reached skill level 1 in Invocations
  2612 | D:6      | Reached skill level 2 in Invocations
  2631 | D:6      | Reached ***** piety under Uskayaw
  2637 | D:6      | Reached skill level 3 in Invocations
  2657 | D:6      | Reached ****** piety under Uskayaw
  2666 | D:6      | Reached skill level 4 in Invocations
  2695 | D:6      | Found a sand-covered staircase.
  2761 | D:7      | Reached skill level 5 in Invocations
  2799 | D:7      | Reached XP level 9. HP: 57/57 MP: 12/12
  2903 | D:9      | Noticed a hippogriff
  2919 | D:9      | Killed a hippogriff
  2919 | D:9      | Reached skill level 6 in Invocations
  2933 | D:9      | Noticed Prince Ribbit
  2971 | D:9      | Killed Prince Ribbit
  2971 | D:9      | Reached skill level 6 in Short Blades
  2971 | D:9      | Reached skill level 5 in Stealth
  3058 | D:10     | Entered Level 10 of the Dungeon
  3180 | D:10     | Found a stormy altar of Qazlal.
  3206 | D:10     | Noticed a two-headed ogre
  3207 | D:10     | Noticed a troll
  3281 | D:10     | Killed a two-headed ogre
  3281 | D:10     | Reached skill level 7 in Short Blades
  3281 | D:10     | Reached skill level 7 in Stealth
  3305 | D:10     | Killed a troll
  3305 | D:10     | Reached skill level 8 in Short Blades
  3305 | D:10     | Reached XP level 10. HP: 43/63 MP: 14/14
  3576 | D:8      | Reached skill level 8 in Stealth
  3683 | D:7      | Found a transporter.
  3702 | D:7      | Found a transporter.
  3729 | D:7      | Killed Terence
  3787 | D:7      | Reached skill level 9 in Short Blades
  3971 | D:8      | Noticed a two-headed ogre
  3983 | D:8      | Killed a two-headed ogre
  3983 | D:8      | Reached skill level 9 in Stealth
  4081 | D:7      | Noticed Joseph
  4084 | D:7      | Killed Joseph
  4084 | D:7      | Reached skill level 10 in Short Blades
  4244 | D:7      | Noticed a kobold demonologist
  4359 | D:8      | Found a blossoming altar of Fedhas.
  4443 | D:9      | Reached skill level 10 in Stealth
  4613 | D:9      | Noticed Erica
  4633 | D:9      | Killed Erica
  4633 | D:9      | Reached skill level 11 in Stealth
  4633 | D:9      | Reached XP level 11. HP: 67/67 MP: 15/15
  4805 | D:11     | Reached skill level 5 in Dodging
  4834 | D:11     | Reached skill level 6 in Dodging
  4869 | D:11     | Found a staircase to the Orcish Mines.
  4908 | D:11     | Reached skill level 4 in Armour
  5084 | D:11     | Reached skill level 5 in Armour
  5385 | D:11     | Noticed a red ugly thing
  5494 | D:12     | Reached skill level 7 in Dodging
  5706 | D:12     | Noticed Overlord's ghost (journeyman DsBe)
  5739 | D:13     | Noticed a centaur warrior
  5760 | D:13     | Killed a centaur warrior
  5760 | D:13     | Reached skill level 4 in Fighting
  5760 | D:13     | Reached skill level 12 in Stealth
  5787 | D:13     | Noticed Maurice
  5790 | D:13     | Noticed a centaur warrior
  5814 | D:13     | Killed a centaur warrior
  5816 | D:13     | Killed Maurice
  5816 | D:13     | Reached skill level 5 in Fighting
  5835 | D:13     | Reached XP level 12. HP: 57/77 MP: 16/16
  5929 | D:13     | Reached skill level 8 in Dodging
  6059 | D:13     | Reached skill level 6 in Fighting
  6132 | D:13     | Noticed an unseen horror
  6166 | D:13     | Killed an unseen horror
  6226 | D:13     | Reached skill level 6 in Armour
  6268 | D:14     | Noticed a rakshasa
  6271 | D:14     | Killed a rakshasa
  6271 | D:14     | Reached skill level 7 in Armour
  6412 | D:14     | Found a runed door.
  6415 | D:14     | Noticed a centaur warrior
  6415 | D:14     | Noticed a centaur warrior
  6416 | D:14     | Noticed a rakshasa
  6439 | D:14     | Killed a centaur warrior
  6439 | D:14     | Reached skill level 8 in Armour
  6453 | D:14     | Killed a centaur warrior
  6453 | D:14     | Reached skill level 9 in Armour
  6460 | D:14     | Killed a rakshasa
  6512 | D:14     | Noticed a centaur warrior
  6512 | D:14     | Noticed a centaur warrior
  6562 | D:14     | Reached skill level 10 in Armour
  6602 | D:14     | Killed a centaur warrior
  6602 | D:14     | Reached skill level 7 in Invocations
  6602 | D:14     | Reached XP level 13. HP: 78/83 MP: 18/18
  6611 | D:14     | Killed a centaur warrior
  6662 | D:14     | Reached skill level 8 in Invocations
  6668 | D:14     | Identified the Handbook of Destructive Orientation
  6672 | D:14     | Learned a level 2 spell: Swiftness
  6675 | D:14     | Learned a level 2 spell: Shroud of Golubria
  6764 | D:12     | Killed Overlord's ghost
  6764 | D:12     | Reached skill level 1 in Charms
  6764 | D:12     | Reached skill level 1 in Translocations
  6764 | D:12     | Reached skill level 1 in Air Magic
  7015 | D:11     | Reached skill level 1 in Spellcasting
  7039 | D:11     | Reached skill level 2 in Charms
  7099 | D:11     | Reached skill level 2 in Translocations
  7099 | D:11     | Reached skill level 2 in Air Magic
  7231 | D:12     | Noticed a centaur warrior
  7259 | D:12     | Killed a centaur warrior
  7280 | D:12     | Reached skill level 2 in Spellcasting
  7344 | D:12     | Reached skill level 3 in Charms
  7344 | D:12     | Reached skill level 3 in Translocations
  7344 | D:12     | Reached skill level 3 in Air Magic
  7478 | D:11     | Found a staircase to the Lair.
  7665 | Lair:1   | Entered Level 1 of the Lair of Beasts
  7776 | Lair:1   | Reached skill level 4 in Charms
  7776 | Lair:1   | Reached skill level 4 in Translocations
  7831 | Lair:1   | Reached skill level 4 in Air Magic
  8588 | Lair:1   | Noticed Gastronok
  8601 | Lair:1   | Killed Gastronok
  8601 | Lair:1   | Reached skill level 5 in Charms
  8601 | Lair:1   | Reached skill level 5 in Translocations
  8601 | Lair:1   | Reached skill level 5 in Air Magic
  8929 | Lair:3   | Noticed a five-headed hydra
  9116 | Lair:3   | Reached skill level 9 in Invocations
  9118 | Lair:3   | Reached XP level 14. HP: 90/90 MP: 20/20
  9298 | Lair:3   | Reached skill level 10 in Invocations
  9491 | Lair:4   | Reached skill level 2 in Evocations
  9545 | Lair:4   | Reached skill level 3 in Evocations
  9636 | Lair:4   | Reached skill level 4 in Evocations
  9896 | Lair:4   | Found a hole to the Spider Nest.
  9964 | Lair:4   | Reached skill level 13 in Stealth
 10443 | Orc:1    | Entered Level 1 of the Orcish Mines
 10557 | Orc:1    | Noticed a stone giant
 10605 | Orc:1    | Slain by a stone giant

Skill      XL: |  1  2  3  4  5  6  7  8  9 10 11 12 13 14 |
---------------+-------------------------------------------+-----
Stealth        | 2 3 4 7 11 12 13 | 13.3
Fighting       | 1 2 3 5 6 |  6.1
Armour         | 2 3 5 10 | 10.1
Dodging        | 2 4 7 8 |  8.3
Short Blades   | 3 5 8 10 | 10.3
Invocations    | 5 6 7 9 10 | 10.0
Charms         | 5 |  5.1
Translocations | 5 |  5.3
Air Magic      | 5 |  5.0
Spellcasting   | 2 |  2.1
Evocations     | 4 |  4.4
Long Blades    | |  2.0
Bows           | |  4.3
Throwing       | |  1.0

Action                   |  1- 3 |  4- 6 |  7- 9 | 10-12 | 13-15 || total
-------------------------+-------+-------+-------+-------+-------++-------
Melee: Falchion          |       |    88 |    34 |       |       ||   122
       Dagger            |       |       |   385 |   960 |  1272 ||  2617
 Fire: Shortbow          |    34 |    77 |    21 |       |       ||   132
Throw: Stone             |       |     2 |     2 |       |       ||     4
       Tomahawk          |       |       |       |       |     1 ||     1
Evoke: Wand              |       |     8 |     9 |     8 |     6 ||    31
  Use: Scroll            |       |     3 |     4 |     6 |     7 ||    20
       Potion            |       |     3 |       |     2 |     1 ||     6
 Stab: Sleeping          |       |     2 |     4 |    14 |    24 ||    44
       Paralysed         |       |       |    13 |    39 |    45 ||    97
       Confused          |       |       |       |     2 |       ||     2
  Eat: Meat ration       |       |     1 |     1 |       |       ||     2
       Royal jelly       |       |       |     1 |       |     1 ||     2
       Chunk             |       |       |       |    12 |    12 ||    24
Armor: Ring mail         |     1 |    60 |   104 |    53 |       ||   218
       Steam dragon scal |       |       |       |   111 |   301 ||   412
Dodge: Dodged            |     6 |    76 |   226 |   519 |   771 ||  1598
Block: Other             |       |       |       |    26 |    53 ||    79
       Reflection        |       |       |       |     3 |     1 ||     4
       Rpst.: Falchion   |       |    25 |    11 |       |       ||    36

Table legend:
 A = Turns spent in this place as a percentage of turns spent in the entire game.
 B = Non-inter-level travel turns spent in this place as a percentage of non-inter-level travel turns spent in the entire game.
 C = Inter-level travel turns spent in this place as a percentage of turns spent in this place.
 D = Turns resting spent in this place as a percentage of non-inter-level travel turns spent in this place.
 E = Turns spent auto-exploring this place as a percentage of non-inter-level travel turns spent in this place.
 F = Non-inter-level travel turns spent in this place divided by the number of levels of this place that you've seen.
                   A       B       C       D       E      F
               +-------+-------+-------+-------+-------+----------------------
         Total | 100.0 | 100.0 |   0.3 |   0.1 |   0.0 | 433.0
       Dungeon |  72.9 |  72.9 |   0.2 |   0.1 |   0.0 | 473.6
        Temple |   0.4 |   0.5 |   0.0 |   0.0 |   0.0 |  41.0
          Lair |  24.9 |  24.9 |   0.4 |   0.0 |   0.0 | 452.6
  Orcish Mines |   1.7 |   1.7 |   0.0 |   0.0 |   0.0 | 159.0
               +-------+-------+-------+-------+-------+----------------------

Table legend:
 A = Kills in this place as a percentage of kills in entire the game.
 B = Kills by you in this place as a percentage of kills by you in the entire game.
 C = Kills by friends in this place as a percentage of kills by friends in the entire game.
 D = Other kills in this place as a percentage of other kills in the entire game.
 E = Experience gained in this place as a percentage of experience gained in the entire game.
 F = Experience gained in this place divided by the number of levels of this place that you have seen.
                   A       B       C       D       E      F
               +-------+-------+-------+-------+-------+----------------------
         Total | 100.0 | 100.0 |  -nan | 100.0 | 100.0 | 2709.2
       Dungeon |  80.1 |  80.0 |  -nan | 100.0 |  65.0 | 2641.6
          Lair |  16.8 |  16.8 |  -nan |   0.0 |  34.1 | 3879.4
  Orcish Mines |   3.1 |   3.2 |  -nan |   0.0 |   0.9 | 513.0
               +-------+-------+-------+-------+-------+----------------------

Vault maps used:
D:1:      saegor_arrival_simple_b
D:2:      first_bread, uniq_jessica, uniq_terence
D:3:      old_standard_altar, lemuel_round_altar, lemuel_round_altar,
          okawaru_altar_gauntlet_db, uniq_purgy, uniq_grinder, uniq_ijyb
D:4:      nicolae_qazlal_eye_of_the_storm, serial_shops, shop, shop,
          shop_statue, uniq_pikel
D:5:      minmay_temple_entry_junction, minmay_guarded_unrand_vampires_tooth
D:6:      nicolae_ossuary_entry_catacombs
D:7:      gammafunk_wand_slinger, kennysheep_little_box, uniq_joseph
D:8:      fedhas_bush_and_centaur_altar
D:9:      uniq_prince_ribbit1, uniq_erica
D:10:     basic_altar
D:11:     david_lair_generic, erik_orc_1, the_bakery
D:13:     uniq_maurice
D:14:     evilmike_horseshoe, david_vaults_5, nicolae_ru_the_path_less_chosen,
          serial_shops, shop_fountains, lightli_airlock
Temple:   nicolae_temple_x_marks_the_god
Lair:1:   grunt_megastairs_2, uniq_gastronok
Lair:2:   nicolae_swamp_entry_splash_gauntlet
Lair:3:   lemuel_fruit_fields, infiniplex_staircase_pool
Lair:4:   nicolae_spider_entry_tight_spaces
Lair:5:   serial_bayou, serial_bayou_lagoon_a, serial_bayou_pond_c,
          serial_bayou_lake_a, serial_bayou_crossing, zaba_antful_of_joy
